 Dungeon Crawl Stone Soup version 0.17-a0-1311-gbcbd859 (webtiles) character file.

1823 onwiheg the Cleaver (level 9, -7/70 HPs)
             Began as a Hill Orc Berserker on June 8, 2015.
             Was a High Priest of Trog.
             Mangled by a phantom (10 damage)
             ... on level 7 of the Dungeon.
             The game lasted 00:23:17 (6664 turns).

onwiheg the Cleaver (Hill Orc Berserker)            Turns: 6664, Time: 00:23:18

Health: -7/70      AC:  4    Str: 23    XL:     9   Next: 10%
Magic:  9/9        EV: 12    Int:  7    God:    Trog [*****.]
Gold:   473        SH:  0    Dex: 10    Spells: 0 memorised, 8 levels left

rFire  . . .     SeeInvis .     D - +0 war axe
rCold  . . .     Clarity  .     b - +0 animal skin
rNeg   + . .     SustAt   .     (no shield)
rPois  .         Gourm    .     t - +0 helmet
rElec  .         Spirit   .     (no cloak)
rCorr  .         Warding  .     (no gloves)
rMut   +         Stasis   .     I - +0 pair of boots
MR     .....                    L - amulet of resist mutation
Stlth  +.........               G - ring of stealth
                                w - ring of positive energy

@: lethally poisoned (-7 -> -8), exhausted, slowed, glowing, very slow, not
resistant to hostile enchantments, very unstealthy
A: no striking features
a: Burn Spellbooks, Berserk, Trog's Hand, Brothers in Arms, Renounce Religion


You were on level 7 of the Dungeon.
You worshipped Trog.
Trog was extremely pleased with you.
You were very hungry.

You visited 1 branch of the dungeon, and saw 7 of its levels.
You also visited: Ossuary.

You collected 473 gold pieces.

Inventory:

Hand weapons
 a - a +0 hand axe
 D - a +0 war axe (weapon)
Missiles
 k - 7 javelins (quivered)
 F - 2 silver javelins
Armour
 b - a +0 animal skin (worn)
 t - a +0 helmet (worn)
 I - a +0 pair of boots (worn)
 M - a +0 plate armour
Jewellery
 w - a ring of positive energy (left hand)
 G - a ring of stealth (right hand)
 J - an uncursed amulet of rage
 L - an amulet of resist mutation (around neck)
Magical devices
 E - a wand of disintegration (4)
 K - a wand of flame (35)
Scrolls
 e - 10 scrolls of identify {unknown}
 f - 4 scrolls of teleportation {unknown}
 j - 4 scrolls of remove curse {unknown}
 l - 3 scrolls of amnesia
 m - 3 scrolls of enchant armour {unknown}
 n - a scroll of random uselessness {unknown}
 o - a scroll of blinking {unknown}
 r - 3 scrolls of recharging {unknown}
 v - a scroll of enchant weapon {unknown}
 y - a scroll of magic mapping {unknown}
 C - 2 scrolls of fog {unknown}
Potions
 d - 3 potions of curing {unknown}
 g - 3 potions of magic {unknown}
 h - 3 potions of ambrosia {unknown}
 i - 5 potions of cure mutation
 p - 3 potions of flight {unknown}
 s - 2 potions of brilliance {unknown}
 u - a potion of might {unknown}
 z - 2 potions of degeneration {unknown}
 B - a potion of heal wounds {unknown}
 H - a potion of lignification {unknown}
Comestibles
 c - 4 bread rations
 q - 3 beef jerkies
 x - 2 meat rations


   Skills:
 - Level 3.6 Fighting
 + Level 14.6 Axes
 - Level 2.1 Armour
 - Level 1.5 Dodging


You had 8 spell levels left.
You didn't know any spells.

Dungeon Overview and Level Annotations

Branches:
Dungeon (7/15)             Temple (0/1) D:6

Altars:
Cheibriados
Dithmenos
Elyvilon
Kikubaaqudgha
Sif Muna
Vehumet
Yredelemnul

Annotations:
D:7 Dowan; Duvessa; asdu's ghost, experienced VSBe


Message History

You hit the hippogriff.
The hippogriff is lightly wounded.
The hippogriff bites you!
* * * LOW HITPOINT WARNING * * *
The hippogriff pecks you.
* * * LOW HITPOINT WARNING * * *
The hippogriff claws you.
* * * LOW HITPOINT WARNING * * *
The phantom closely misses you.
Duvessa, Sister of Dowan comes into view.
She is wielding a short sword.
Read which item? (? for menu, Esc to quit)
As you read the scroll labeled RECUUX ZYDALL, it crumbles to dust.
You feel forgetful for a moment.
It was a scroll of amnesia.
You feel sick. The hippogriff bites you.
* * * LOW HITPOINT WARNING * * *
The hippogriff pecks you.
* * * LOW HITPOINT WARNING * * *
The hippogriff completely misses you. Dowan hits you but does no damage.
The phantom hits you!
You die...

####### #.....# ###
######.....###########..
.....'H@)..(.(.(........
######We...###########.#
#.............. #.#
#.############.####.#
e.. .....#... ##.
#.#.##.#.#..# .
......≈≈.≈≈.# #.
<.....≈#'#≈.#
###....'_'.<#


You could see a hippogriff, a phantom, Duvessa (wandering) and Dowan.

Vanquished Creatures
  A hungry ghost (D:7)
  An orc warrior (D:6)
  A sky beast (D:7)
  3 centaurs
  2 giant frogs
  3 scorpions (D:6)
  A water moccasin skeleton (D:5)
  2 crimson imps (D:6)
  A giant frog zombie (D:7)
  4 orc wizards
  2 human zombies (Ossuary)
  3 orc priests
  2 giant frog skeletons (D:6)
  An iguana (D:4)
  2 worker ants
  4 hound zombies
  4 mummies (Ossuary)
  A worker ant zombie (D:6)
  A hound skeleton (D:6)
  Robin (D:2)
  10 adders
  A shadow imp (D:5)
  4 oozes
  An adder zombie (Ossuary)
  5 worms
  5 giant geckos
  14 orcs
  A bat zombie (D:6)
  4 giant cockroaches
  A gnoll zombie (Ossuary)
  22 hobgoblins
  4 jackals (D:1)
  3 quokkas
  3 ball pythons
  17 bats
  A giant cockroach zombie (D:5)
  6 giant newts
  21 goblins
  2 goblin zombies (Ossuary)
  2 jackal zombies (Ossuary)
  10 kobolds
  A kobold zombie (Ossuary)
  2 quokka skeletons (D:4)
  17 rats
  A butterfly (D:6)
198 creatures vanquished.

Vanquished Creatures (others)
  A kobold (D:3)
1 creature vanquished.

Grand Total: 199 creatures vanquished

Notes
Turn   | Place    | Note
--------------------------------------------------------------
     0 | D:1      | onwiheg the Hill Orc Berserker began the quest for the Orb.
     0 | D:1      | Reached XP level 1. HP: 19/19 MP: 1/1
    69 | D:1      | Reached XP level 2. HP: 16/26 MP: 2/2
   291 | D:1      | Reached skill level 5 in Axes
   393 | D:1      | Reached XP level 3. HP: 14/31 MP: 3/3
   825 | D:1      | Acquired Trog's second power
  1154 | D:2      | Reached skill level 6 in Axes
  1511 | D:2      | Reached XP level 4. HP: 39/39 MP: 4/4
  1553 | D:2      | Noticed Robin
  1574 | D:2      | Killed Robin
  1684 | D:2      | Reached skill level 7 in Axes
  2046 | D:2      | Found a snail-covered altar of Cheibriados.
  2171 | D:2      | Reached XP level 5. HP: 40/45 MP: 5/5
  2549 | D:3      | Found a radiant altar of Vehumet.
  3107 | D:3      | Reached skill level 8 in Axes
  3440 | D:4      | Found a staircase to the Ecumenical Temple.
  3467 | D:4      | Reached XP level 6. HP: 34/51 MP: 6/6
  3470 | D:4      | Acquired Trog's third power
  3676 | D:4      | Found an ancient bone altar of Kikubaaqudgha.
  3903 | D:5      | Entered Level 5 of the Dungeon
  3927 | D:5      | Found a white marble altar of Elyvilon.
  3946 | D:5      | Reached skill level 9 in Axes
  4015 | D:5      | Received a gift from Trog
  4194 | D:5      | Found a basalt altar of Yredelemnul.
  4399 | D:5      | Found a shadowy altar of Dithmenos.
  4694 | D:5      | Reached skill level 10 in Axes
  4694 | D:5      | Reached XP level 7. HP: 53/57 MP: 7/7
  5162 | D:6      | Found a staircase to the Ecumenical Temple.
  5180 | D:6      | Reached skill level 11 in Axes
  5464 | D:6      | Reached XP level 8. HP: 47/64 MP: 8/8
  5500 | D:6      | Reached skill level 12 in Axes
  5830 | D:6      | Reached skill level 13 in Axes
  5928 | D:7      | Found a deep blue altar of Sif Muna.
  5947 | D:7      | Noticed asdu's ghost (experienced VSBe)
  6078 | D:7      | Found a sand-covered staircase.
  6119 | D:7      | Reached skill level 14 in Axes
  6147 | Ossuary  | Entered an ossuary
  6162 | Ossuary  | Reached XP level 9. HP: 70/70 MP: 9/9
  6657 | D:7      | Noticed Dowan
  6664 | D:7      | Noticed Duvessa
  6664 | D:7      | HP: 3/70 [hippogriff (6)]
  6664 | D:7      | Mangled by a phantom

Vault maps used:
D:1:      minmay_arrival_cross
D:2:      cheibriados_altar_1, minivault_19, uniq_robin, uniq_crazy_yiuf_cottage
D:3:      fiery_altar_vehumet
D:4:      kiku_gazebo_garden_becter, minmay_temple_entry_metal_lava
D:5:      kennysheep_little_box, lemuel_doored_altar, yredelemnul_altar_generic,
          first_bread, serial_bayou_lagoon_b
D:6:      minmay_temple_entry_butterflies
D:7:      kennysheep_steamy, kennysheep_mini_moat,
          nicolae_ossuary_entry_false_entrances, grunt_ogre_cave,
          dk_rats_in_the_wall, uniq_prince_ribbit1, uniq_duvessa
Ossuary:  ossuary_minmay_tomb_2a

Action                   |  1- 3 |  4- 6 |  7- 9 || total
-------------------------+-------+-------+-------++-------
Melee: Hand axe          |   118 |   232 |       ||   350
       War axe           |       |    93 |   238 ||   331
Throw: Javelin           |       |    12 |    15 ||    27
Invok: Berserk           |     1 |     2 |     3 ||     6
       Burn Spellbooks   |       |       |     1 ||     1
Evoke: Wand              |       |       |     1 ||     1
  Use: Scroll            |       |       |     1 ||     1
       Potion            |       |       |     1 ||     1
 Stab: Sleeping          |     1 |       |     8 ||     9
  Eat: Chunk             |     2 |    13 |     8 ||    23
       Pizza             |       |       |     1 ||     1
